 Dungeon Crawl Stone Soup version 0.30.1-11-g7821555f0a (webtiles) character file.

Game seed: 15584833425637789427

129 porpoise the Poker (level 5, -8/37 HPs)
             Began as an Octopode Chaos Knight on Dec 14, 2023.
             Mangled by an ogre
             ... wielding a +0 giant club
              (26 damage)
             ... on level 4 of the Dungeon.
             The game lasted 00:11:54 (3240 turns).

porpoise the Poker (Octopode Chaos Knight)          Turns: 3240, Time: 00:11:55

Health: -8/37      AC:  1    Str: 11    XL:     5   Next: 12%
Magic:  5/5        EV: 13    Int: 14    God:
Gold:   50         SH:  0    Dex: 12    Spells: 1/4 levels left

rFire   . . .        a - +0 spear (chaos)
rCold   + . .        (no shield)
rNeg    . . .        (helmet restricted)
rPois   .            k - amulet of the acrobat
rElec   .            (no ring)
rCorr   .            (no ring)
SInv    .            (no ring)
Will    .....        (no ring)
Stlth   +++          (no ring)
HPRegen 0.26/turn    (no ring)
MPRegen 0.09/turn    (no ring)
                     (no ring)

%: acrobat
@: no status effects
A: almost no armour, amphibious, 8 rings, camouflage 1, gelatinous body 1,
(nimble swimmer 1), tentacles, antennae 1, clumsy 1, cold resistance 1,
screaming 1
a: no special abilities


You were on level 4 of the Dungeon.
You visited 1 branch of the dungeon, and saw 4 of its levels.

You collected 194 gold pieces.
You spent 144 gold pieces at shops.

Inventory:

Hand Weapons
 a - a +0 spear of chaos (weapon)
 b - a +0 sling of electrocution
 w - a +1 dagger of venom
Missiles
 e - 26 stones
 j - 5 poisoned darts
 p - 2 boomerangs
Jewellery
 k - an amulet of the acrobat (around mantle)
Wands
 s - a wand of paralysis (4)
Scrolls
 d - a scroll of summoning {unknown}
 h - a scroll of teleportation {unknown}
 l - a scroll of immolation
 n - a scroll of magic mapping {unknown}
 o - a scroll of fog
 q - a scroll of blinking
 t - a scroll of enchant weapon {unknown}
Potions
 c - 4 potions of might
 f - 2 potions of degeneration {unknown}
 g - 6 potions of curing
 i - 5 potions of flight
 m - a potion of cancellation {unknown}
Miscellaneous
 r - a piece from Xom's chessboard (15/15) (quivered)


   Skills:
 + Level 3.8 Fighting
 * Level 4.5 Polearms
 - Level 2.3 Dodging
 + Level 3.1 Stealth


You had one spell level left.
You knew the following spells:

 Your Spells              Type           Power      Damage    Failure   Level
c - Call Canine Familiar  Summ           0%         N/A       65%         3

Your spell library contained the following spells:

 Spells                   Type           Power      Damage    Failure   Level
 Summon Small Mammal      Summ           0%         N/A       28%         1
 Dazzling Flash           Conj/Hex       0%         N/A       65%         3
 Summon Guardian Golem    Hex/Summ       0%         N/A       65%         3
 Volatile Blastmotes      Fire/Tloc      0%         2d10      65%         3
 Iskenderun's Mystic Bla  Conj/Tloc      0%         2d3       96%         4
 Starburst                Conj/Fire      0%         6d3       100%        6


Dungeon Overview and Level Annotations

Branches:
Dungeon (4/15)
 Temple: D:4-7

Altars:
Kikubaaqudgha
Xom
Zin

Shops:
D:3 (   D:4 [

Portals:
Abyss: D:3

Annotations:
D:3 2 transporters, Derak's ghost, amateur MiBe
D:4 2 transporters


Innate Abilities, Weirdness & Mutations

You cannot wear most types of armour.
You are amphibious.
You can wear up to eight rings at the same time.
Your skin changes colour to match your surroundings (Stealth+).
Your rubbery body absorbs attacks. (AC +1, EV +1)
((You are camouflaged when in or above water. (Stealth+)))
You have tentacles for arms and can constrict up to eight enemies at once.
You have a pair of small antennae on your head.
You are clumsy. (Dex -2)
Your flesh is cold resistant. (rC+)
You occasionally shout uncontrollably at your foes.


Message History

You hit the adder but do no damage.
The adder is severely wounded.
You constrict the adder.
You kill the adder!
You reach to attack!
You hit the ogre.
The ogre is lightly wounded.
You hit the ogre. You drain the ogre. You squeeze the ogre.
The ogre is moderately wounded.
The ogre hits you with a +0 giant club!!
Ouch! That really hurt!
You hear an angry hiss.
You hit the ogre.
The ogre goes berserk!
The ogre is moderately wounded.
The ogre closely misses you.
You hit the ogre.
The ogre is moderately wounded.
The ogre completely misses you.
You completely miss the ogre.
The ogre is moderately wounded.
The ogre barely misses you.
You hit the ogre. You freeze the ogre.
The ogre is heavily wounded.
You barely miss the ogre. Your squeeze misses the ogre.
The ogre is heavily wounded.
The ogre closely misses you.
You hit the ogre.
The ogre is heavily wounded.
The ogre barely misses you.
You hit the ogre but do no damage. You squeeze the ogre.
The ogre is heavily wounded.
The ogre misses you.
You hit the ogre. You squeeze the ogre, but do no damage.
The ogre is heavily wounded.
The ogre barely misses you.
You hit the ogre but do no damage.
The ogre is poisoned.
The ogre is heavily wounded.
The ogre hits you with a +0 giant club!!
Ouch! That really hurt!
You die...
Xom chortles!
PPPPPP.###.................#.. .........................####.. .PPP.P

#.[...............>....
.....
#.#..##..#######.#.#...
.._.. .... #.....#
#.#.# . #.. #.###.# #.#
# #.# #§# #.. #.###.#
### #.@OSO# #####S# #§#


#§§SOOoS_ #####≈†~S .. You could see 2 ogres and 2 ball pythons.

Vanquished Creatures
  4 adders
  A worm (D:2)
  4 dart slugs
  2 orcs (D:3)
  10 bats
  5 endoplasms
  2 giant cockroaches
  5 goblins
  10 hobgoblins
  4 jackals (D:1)
  4 quokkas
  4 ball pythons
  5 frilled lizards
  6 kobolds
  6 rats
72 creatures vanquished.

Vanquished Creatures (others)
  An adder (D:4)
  An orc (D:4)
2 creatures vanquished.

Grand Total: 74 creatures vanquished

Notes
Turn   | Place    | Note
-------+----------+-------------------------------------------
     0 | D:1      | porpoise the Octopode Chaos Knight began the quest for the
                  | Orb.
     0 | D:1      | Reached XP level 1. HP: 16/16 MP: 1/1
     0 | D:1      | Fell from the grace of Xom
   107 | D:1      | Reached skill level 1 in Stealth
   107 | D:1      | Reached XP level 2. HP: 21/21 MP: 2/2
   293 | D:1      | You fall into a shaft and drop 1 floor!
   327 | D:2      | Found a faded altar of an unknown god.
   339 | D:2      | Reached XP level 3. HP: 22/26 MP: 3/3
   874 | D:2      | Reached XP level 4. HP: 31/31 MP: 4/4
   905 | D:2      | Reached skill level 4 in Polearms
  1031 | D:2      | Found a glowing silver altar of Zin.
  1438 | D:1      | XOM: give mutations
  1438 | D:1      | Gained mutation: You occasionally shout uncontrollably at
                  | your foes. [Xom's mischief]
  1438 | D:1      | Gained mutation: You are clumsy. (Dex -2) [Xom's mischief]
  1438 | D:1      | Gained mutation: You are weak. (Str -2) [Xom's mischief]
  2082 | D:3      | XOM: give mutations
  2082 | D:3      | Lost mutation: You are weak. (Str -2) [Xom's mischief]
  2082 | D:3      | Gained mutation: You have a pair of small antennae on your
                  | head. [Xom's mischief]
  2082 | D:3      | Gained mutation: Your flesh is cold resistant. (rC+) [Xom's
                  | mischief]
  2201 | D:3      | Found a transporter.
  2264 | D:3      | Found a one-way gate to the infinite horrors of the Abyss.
  2264 | D:3      | Noticed Derak's ghost (amateur MiBe)
  2268 | D:3      | Found a transporter.
  2383 | D:3      | Noticed a small abomination
  2426 | D:3      | XOM: summons 4 hostile shadow creatures
  2478 | D:3      | Noticed a kobold brigand
  2845 | D:3      | Found Neneawo's Antique Weapon Boutique.
  2848 | D:3      | Bought a glowing sling for 144 gold pieces
  3026 | D:4      | Found a transporter.
  3058 | D:4      | Found Xeitileh's Antique Armour Boutique.
  3066 | D:4      | Reached XP level 5. HP: 37/37 MP: 5/5
  3125 | D:4      | Found an ancient bone altar of Kikubaaqudgha.
  3133 | D:4      | Found a transporter.
  3196 | D:4      | Learned a level 3 spell: Call Canine Familiar
  3202 | D:4      | Found a shimmering altar of Xom.
  3202 | D:4      | Noticed an ogre
  3202 | D:4      | Noticed an ogre
  3240 | D:4      | Mangled by an ogre

Illustrated notes

Levels and vault maps discovered:
D:1:      tarquinn_simple_flora_water_d, layout_loops_ring
D:2:      layout_basic, basic_altar, dreamdust_ecumenical_altar_statues
D:3:      minmay_spotlight, layout_basic, serial_shops, shop,
          gammafunk_ghost_abyssal_escape, palyth_stone_intersect, nrook_uturn,
          minivault_11, minmay_statues_item, grunt_decor_one_mirror,
          minmay_tree_intersection
D:4:      gammafunk_wand_slinger, layout_basic,
          mainiacjoe_overflow_cross_hatched, xom_confusion_cloud, serial_shops,
          nicolae_shop_trees

Skill      XL: |  1  2  3  4 |
---------------+-------------+-----
Stealth        | 1 2 3 |  3.1
Polearms       | 4 |  4.5
Fighting       | |  3.8
Dodging        | |  2.3

Action                     |  1- 3 |  4- 6 || total
---------------------------+-------+-------++-------
  Melee: Spear             |    72 |   114 ||   186
         Constrict         |    14 |    19 ||    33
         Tentacles         |     9 |    14 ||    23
         Punch             |     1 |     2 ||     3
   Fire: Sling             |       |     9 ||     9
 Invoke: Renounce Religion |     1 |       ||     1
    Use: Scroll            |       |     5 ||     5
   Stab: Sleeping          |     4 |     7 ||    11
         Paralysed         |       |     4 ||     4
 Armour: Skin              |     7 |     8 ||    15
  Dodge: Dodged            |    23 |    43 ||    66
